 Dungeon Sprint DCSS version 0.30.1-11-g7821555f0a (webtiles) character file.

Game seed: 14310659854913935848

727 Groucho the Geomancer (level 7, -9/32 HPs)
             Began as a Spriggan Earth Elementalist on Dec 24, 2023.
             Was a High Priest of Vehumet.
             Hit by a javelin thrown by a minotaur (41 damage)
             ... in the Dungeon (Sprint VII: "The Pits").
             The game lasted 00:06:06 (2173 turns).

Groucho the Geomancer (Spriggan Earth Elementalist) Turns: 2173, Time: 00:06:07

Health: -9/32      AC:  2    Str:  4    XL:     7   Next: 44%
Magic:  4/12       EV: 17    Int: 19    God:    Vehumet [*****.]
Gold:   0          SH:  0    Dex: 15    Spells: 3/11 levels left

rFire   . . .        j - +2 dagger (venom)
rCold   . . .        (no shield)
rNeg    . . .        a - +0 robe
rPois   .            (helmet restricted)
rElec   .            (no cloak)
rCorr   .            (gloves unavailable)
SInv    +            (boots unavailable)
Will    +....        (no amulet)
Stlth   ++++         (no ring)
HPRegen 0.25/turn    (no ring)
MPRegen 0.13/turn

%: no teleportation
@: very quick
A: very small, no large weapons, unfitting armour, see invisible, speed 3
a: Renounce Religion


You were in the Dungeon.
You worshipped Vehumet.
Vehumet was extremely pleased with you.
You visited 1 branch

Inventory:

Hand Weapons
 h - a +2 dagger
 j - a +2 dagger of venom (weapon)
 k - a +8 long sword
Armour
 a - a +0 robe (worn)
Scrolls
 g - a scroll of blinking
Potions
 b - 5 potions of magic
 c - 4 potions of curing
 d - 6 potions of heal wounds
 e - a potion of haste
 f - 3 potions of berserk rage
 i - a potion of invisibility


   Skills:
 - Level 5.0 Short Blades
 - Level 2.6 Dodging
 - Level 10.0 Stealth
 + Level 2.7 Spellcasting
 + Level 6.4 Conjurations
 - Level 7.0 Transmutations
 - Level 10.0 Earth Magic


You had 3 spell levels left.
You knew the following spells:

 Your Spells              Type           Power      Damage    Failure   Level
a - Sandblast             Erth           80%        2d17      1%          1
b - Stone Arrow           Conj/Erth      66%        3d11      1%          3
c - Petrify               Tmut/Erth      34%        N/A       4%          4

Your spell library contained the following spells:

 Spells                   Type           Power      Damage    Failure   Level
 Irradiate                Conj/Tmut      14%        3d16      7%          5
 Passwall                 Tmut/Erth      28%        N/A       1%          2


Dungeon Overview and Level Annotations

Branches:
Dungeon (1/1)

Altars:
Ashenzari
Cheibriados
Dithmenos
Elyvilon
Fedhas
Gozag
Hepliaklqana
Kikubaaqudgha
Makhleb
Nemelex Xobeh
Okawaru
Qazlal
Ru
Sif Muna
Trog
Uskayaw
Vehumet
Wu Jian
Xom
Yredelemnul
Zin
The Shining One
Jiyva
Lugonu


Innate Abilities, Weirdness & Mutations

You are very small and have problems with some larger weapons.
You are too small for most types of armour.
You have supernaturally acute eyesight. (SInv)
You cover ground extremely quickly. (Speed+++)


Message History

Unknown command.
Things that are here:
a +0 dagger; a +0 robe; the human corpse of Jessica You can't memorise that many levels of magic yet!
There is an open door here.
Okay, then.
You open the door.
A worm comes into view.
Aiming: Stone Arrow (safe; 1% risk of failure)
Press: ? - help, Q - select action, (/) - cycle Shift-Dir - straight line, f - worm
Aim: a worm (asleep, 100% to hit)
The stone arrow hits the worm!
The worm is severely wounded.
Unknown command.
Unknown command.
Aiming: Stone Arrow (safe; 1% risk of failure)
Press: ? - help, Q - select action, (/) - cycle Shift-Dir - straight line, f/p - worm
Aim: a worm (heavily wounded, 91% to hit)
The stone arrow hits the worm!
You kill the worm!
Vehumet accepts your kill.
You feel your power returning.
Unknown command.
Unknown command.
Okay, then.
There is an open door here.
You see here a worm corpse.
You open the door.
A minotaur comes into view.
Casting: Stone Arrow (safe; 1% risk of failure)
Confirm with . or Enter, or press ? or * to list all spells.
Aiming: Stone Arrow (safe; 1% risk of failure)
Press: ? - help, Shift-Dir - straight line, f - minotaur
Aim: a minotaur, wearing a +0 chain mail and quivering javelins (asleep, 100% to hit)
The stone arrow hits the minotaur.
The minotaur is lightly wounded.
The minotaur bellows!
The minotaur throws a javelin.
The javelin pierces through you!!!
Ouch! That really hurt!
You die...

#.#...).)[.##.......#
#'###########.......#
#...)...# #########
#..###..# #.......#
##.###.##+#
#.......#H+
#..###..#'#
#.......@.#
###########


You could see a minotaur.

Vanquished Creatures
  A floating eye (D)
  An orc warrior (D)
  A sky beast (D)
  An ogre (D)
  A phantom (D)
  3 wights (D)
  A quasit (D)
  Jessica (D)
  2 orc wizards (D)
  An adder (D)
  A river rat (D)
  A worm (D)
  An orc (D)
  An endoplasm (D)
  2 quokkas (D)
  A frilled lizard (D)
  2 kobolds (D)
22 creatures vanquished.

Notes
Turn   | Place    | Note
-------+----------+-------------------------------------------
     0 | D        | Groucho the Spriggan Earth Elementalist began the quest for
                  | the Orb.
     0 | D        | Reached XP level 1. HP: 9/9 MP: 5/5
    31 | D        | Found a glowing golden altar of the Shining One.
    31 | D        | Found a glowing silver altar of Zin.
    31 | D        | Found a basalt altar of Yredelemnul.
    31 | D        | Found a shimmering altar of Xom.
    31 | D        | Found an ornate altar of the Wu Jian Council.
    31 | D        | Found a bloodstained altar of Trog.
    31 | D        | Found a shimmering blue altar of Sif Muna.
    31 | D        | Found a sacrificial altar of Ru.
    31 | D        | Found a stormy altar of Qazlal.
    31 | D        | Found an iron altar of Okawaru.
    31 | D        | Found a sparkling altar of Nemelex Xobeh.
    31 | D        | Found a burning altar of Makhleb.
    31 | D        | Found a viscous altar of Jiyva.
    31 | D        | Found a hazy altar of Hepliaklqana.
    31 | D        | Found an opulent altar of Gozag.
    31 | D        | Found a blossoming altar of Fedhas.
    31 | D        | Found a white marble altar of Elyvilon.
    31 | D        | Found a shadowy altar of Dithmenos.
    31 | D        | Found a snail-covered altar of Cheibriados.
    32 | D        | Found a radiant altar of Vehumet.
    32 | D        | Found a corrupted altar of Lugonu.
    33 | D        | Found an ancient bone altar of Kikubaaqudgha.
    33 | D        | Found a hide-covered altar of Uskayaw.
    33 | D        | Found a broken altar of Ashenzari.
    40 | D        | Became a worshipper of Vehumet
    69 | D        | Reached * piety under Vehumet
    69 | D        | Offered knowledge of Foxfire by Vehumet.
    70 | D        | Reached skill level 5 in Earth Magic
    70 | D        | Reached XP level 2. HP: 13/13 MP: 3/6
   268 | D        | Noticed a floating eye
   274 | D        | Paralysed by a floating eye for 4 turns
   279 | D        | Killed a floating eye
   280 | D        | Reached XP level 3. HP: 14/16 MP: 4/8
   280 | D        | Reached XP level 4. HP: 19/21 MP: 4/9
   765 | D        | Learned a level 3 spell: Stone Arrow
   770 | D        | Learned a level 4 spell: Petrify
   785 | D        | Offered knowledge of Momentum Strike by Vehumet.
   785 | D        | Reached ** piety under Vehumet
   786 | D        | Reached skill level 10 in Earth Magic
   786 | D        | Reached skill level 1 in Conjurations
   786 | D        | Reached XP level 5. HP: 24/24 MP: 7/10
  1179 | D        | Offered knowledge of Dazzling Flash by Vehumet.
  1189 | D        | Reached skill level 5 in Conjurations
  1189 | D        | Reached XP level 6. HP: 28/28 MP: 0/11
  1562 | D        | Reached *** piety under Vehumet
  1608 | D        | Noticed an orc warrior
  1683 | D        | Killed an orc warrior
  1683 | D        | Offered knowledge of Volatile Blastmotes by Vehumet.
  1684 | D        | Reached skill level 5 in Short Blades
  1688 | D        | Reached skill level 5 in Stealth
  1690 | D        | Reached **** piety under Vehumet
  1703 | D        | Reached XP level 7. HP: 19/32 MP: 8/12
  1721 | D        | Reached skill level 10 in Stealth
  2144 | D        | Noticed Jessica
  2149 | D        | Killed Jessica
  2149 | D        | Offered knowledge of Irradiate by Vehumet.
  2149 | D        | Reached ***** piety under Vehumet
  2172 | D        | Noticed a minotaur
  2173 | D        | Hit by a javelin thrown by a minotaur

Illustrated notes

Levels and vault maps discovered:
D:        pitsprint [storerooms_1, entrance_room_1, metal_vault_5, armoury_2,
          mini_pit_1, grid_room_1, main_hall_1, silver_pit, the_coven_2,
          the_vestibule_1, steel_vault_2, golden_pit, hallway_of_sentries,
          crystal_vault_2, iron_vault_4, final_vault]

Skill      XL: |  1  2  3  4  5  6  7 |
---------------+----------------------+-----
Earth Magic    | 5 9 10 | 10.0
Conjurations   | 1 5 6 |  6.4
Transmutations | 7 |  7.0
Short Blades   | 5 |  5.0
Stealth        | 7 10 | 10.0
Dodging        | |  2.6
Spellcasting   | |  2.7

Action                     |  1- 3 |  4- 6 |  7- 9 || total
---------------------------+-------+-------+-------++-------
  Melee: Dagger            |       |    22 |     2 ||    24
   Cast: Sandblast         |    11 |    10 |     1 ||    22
         Stone Arrow       |       |     9 |     7 ||    16
    Use: Potion            |       |     3 |       ||     3
   Stab: Invisible         |       |     1 |     1 ||     2
 Armour: Robe              |       |     9 |       ||     9
  Dodge: Dodged            |       |    64 |       ||    64
